 Dungeon Crawl Stone Soup version 0.14-a0-2124-ga163777 (webtiles) character file.

217 Mitsuki the Charmwright (level 4, 0/23 HPs)
             Began as a Vine Stalker Skald on Jan 27, 2014.
             Slain by Terence
             ... wielding a +5,+3 flail of protection
              (1 damage)
             ... on Level 2 of the Dungeon.
             The game lasted 00:04:53 (1108 turns).

Mitsuki the Charmwright (Vine Stalker Skald)        Turns: 1108, Time: 00:04:54

HP   0/23        AC  3     Str 15      XL: 4   Next: 81%
MP   0/9         EV 10     Int 12      God:
Gold 112         SH  0     Dex 14      Spells:  2 memorised,  4 levels left

rFire  . . .     SeeInvis .     a - +0 hand axe
rCold  . . .     Clarity  .     b - +0 leather armour
rNeg   . . .     Conserve .     (no shield)
rPois  .         rCorr    .     (no helmet)
rElec  .         rRot     +     (no cloak)
SustAb . .       Spirit   +     (no gloves)
rMut   .         Warding  .     (no boots)
Saprov . . .     Stasis   .     (no amulet)
MR     .....                    (no ring)
                                (no ring)

@: not resistant to hostile enchantments, unstealthy
A: fangs 2, regeneration 1, magic shield, antimagic bite, no device heal
a: no special abilities


You were on level 2 of the Dungeon.
You were not hungry.

You visited 1 branch of the dungeon, and saw 2 of its levels.

You collected 112 gold pieces.

Inventory:

Hand weapons
 a - a +0,+0 hand axe (weapon)
Armour
 b - a +0 leather armour (worn)
Comestibles
 d - 3 bread rations
 f - a pear
 i - 2 chunks of goblin flesh
 j - a chunk of giant gecko flesh
 k - 2 chunks of gnoll flesh
Scrolls
 g - 2 scrolls of identify {unknown}
Potions
 e - 2 potions of agility {unknown}
 h - a potion of blood
Books
 c - a book of Battle

   Spells                             Type                      Level
   *Infusion                          Charms                       1
   *Shroud of Golubria                Charms/Translocation         2
   Song of Slaying                    Charms                       2
   Spectral Weapon                    Hexes/Charms                 3
   Regeneration                       Charms/Necromancy            3


   Skills:
 + Level 2.2 Fighting
 + Level 2.8 Axes
 + Level 1.7 Armour
 - Level 0.7 Dodging
 - Level 2.4 Spellcasting
 + Level 3.7 Charms


You had 4 spell levels left.
You knew the following spells:

 Your Spells              Type           Power        Failure   Level  Hunger
a - Infusion              Chrm           ##....       8%          1    ##.....
b - Shroud of Golubria    Chrm/Tloc      #.........   21%         2    ###....


Dungeon Overview and Level Annotations

Branches:
Dungeon (2/16)

Altars:

Annotations:
D:2 Terence


Innate Abilities, Weirdness & Mutations

You have extremely sharp teeth.
Your natural rate of healing is unusually fast.
When hurt, damage is shared between your health and your magic reserves.
Your bite disrupts and absorbs the magic of your enemies.
Potions and wands cannot restore your HP.


Message History

You are too injured to fight recklessly!
Terence throws a stone.
The stone misses you.
You see here a stone.
You are too injured to fight recklessly!
You are too injured to fight recklessly!
You are too injured to fight recklessly!
You are too injured to fight recklessly!
Terence says, "You're history."
Terence barely misses you.
You hit Terence but do no damage.
Terence is almost dead.
Terence hits you but does no damage.
You hit Terence but do no damage.
Terence is almost dead.
Terence hits you with a glowing flail!
* * * LOW HITPOINT WARNING * * *
You hit Terence but do no damage.
Terence is almost dead.
Terence hits you with a glowing flail.
You die...

##.####.# #.##.......#
##.####.# #.##.#######
##.......####.##.########
...#.#....(.@K...........
#..%...#(####.##.########
##.#.#.#.# #.##.#
##.....#.####.##.#
%.............##(#
.(.(#.......####@#
...(#........(.@.#
....#.......######
....#.......#
....######### ....#
....#### ...##.>#
...#...#


You could see Terence.

Vanquished Creatures
  2 adders (D:2)
  3 gnolls (D:2)
  2 worms
  A giant gecko (D:2)
  3 giant cockroaches
  4 hobgoblins
  5 kobolds
  2 ball pythons (D:1)
  6 bats
  4 giant newts (D:1)
  9 goblins
  2 quokkas (D:2)
  3 rats
46 creatures vanquished.

Notes
Turn   | Place    | Note
--------------------------------------------------------------
     0 | D:1      | Mitsuki, the Vine Stalker Skald, began the quest for the Orb.
     0 | D:1      | Reached XP level 1. HP: 11/11 MP: 3/3
    76 | D:1      | Reached XP level 2. HP: 12/15 MP: 5/5
   274 | D:1      | Learned a level 2 spell: Shroud of Golubria
   433 | D:1      | Reached XP level 3. HP: 15/18 MP: 5/7
   534 | D:1      | Reached skill level 1 in Armour
   880 | D:2      | Reached XP level 4. HP: 23/23 MP: 6/9
   988 | D:2      | Noticed Terence
  1107 | D:2      | HP: 1/23 [Terence/glowing flail (6)]
  1108 | D:2      | Slain by Terence

Action                   |  1- 3 |  4- 6 || total
-------------------------+-------+-------++-------
Melee: Hand axe          |   134 |    54 ||   188
 Cast: Shroud of Golubri |     1 |       ||     1
